 Dungeon Crawl Stone Soup version 0.29-a0-380-gf50f0a9fbc (webtiles) character file.

Game seed: 16312398125029669882

2 Antichthon the Skirmisher (level 1, 0/15 (18) HPs)
             Began as a Formicid Abyssal Knight on May 5, 2022.
             Was a Believer of Lugonu.
             Slain by a goblin
             ... wielding a +2 dagger of draining
              (1 damage)
             ... on level 1 of the Dungeon.
             The game lasted 00:00:13 (110 turns).

Antichthon the Skirmisher (Formicid Abyssal Knight)  Turns: 110, Time: 00:00:13

HP:   0/15 (18)     AC:  3    Str: 17    XL:     1   Next: 33%
MP:   2/2           EV: 11    Int:  9    God:    Lugonu [**....]
Gold: 0             SH:  0    Dex: 11    Spells: 0/0 levels left

rFire   . . .      SeeInvis +   a - +1 falchion
rCold   . . .      Faith    .   (no shield)
rNeg    . . .      Spirit   .   b - +0 leather armour
rPois   .          Reflect  .   (helmet unavailable)
rElec   .          Harm     .   (no cloak)
rCorr   .          Rampage  .   (no gloves)
Will    .....                   (no boots)
Stlth   +.........              (no amulet)
HPRegen 0.05/turn               (no ring)
MPRegen 0.08/turn               (no ring)

@: heavily drained
A: permanent stasis, dig shafts and tunnels, antennae 3, four strong arms
a: Dig, Shaft Self, Renounce Religion, Depart the Abyss, Bend Space


You were on level 1 of the Dungeon.
You worshipped Lugonu.
Lugonu was pleased with you.
You visited 1 branch of the dungeon, and saw 1 of its levels.
You visited the Abyss 1 time.

Inventory:

Hand Weapons
 a - a +1 falchion (weapon)
Armour
 b - a +0 leather armour (worn)
Potions
 c - a potion of heal wounds {unknown}
 d - a potion of invisibility {unknown}


   Skills:
 - Level 3.2 Fighting
 - Level 2.0 Long Blades
 * Level 0.6 Crossbows
 - Level 2.1 Armour
 - Level 0.8 Dodging
 - Level 2.1 Invocations


You couldn't memorise any spells.
You didn't know any spells.
Your spell library was empty.

Dungeon Overview and Level Annotations

Branches:
Dungeon (1/15)

Altars:


Innate Abilities, Weirdness & Mutations

You cannot be hasted, slowed, berserked, paralysed or teleported.
You can dig through walls and to a lower floor.
You have a pair of large antennae on your head. (SInv)
Your four strong arms can wield two-handed weapons with a shield.


Message History

The goblin shouts!
The hobgoblin hits you.
You see here a +0 spear.
You closely miss the hobgoblin. The hobgoblin barely misses you.
You closely miss the hobgoblin. The goblin closely misses you.
The hobgoblin barely misses you.
You completely miss the hobgoblin.
The goblin hits you with a +2 dagger of draining.
You feel drained. The hobgoblin hits you. The goblin closely misses you.
Unknown command.
The goblin hits you with a +0 dagger. The hobgoblin attacks as you move away!
The hobgoblin barely misses you.
You hit the hobgoblin.
The hobgoblin is almost dead.
The hobgoblin barely misses you.
You barely miss the hobgoblin.
The hobgoblin is almost dead.
The hobgoblin hits you. x2
You barely miss the hobgoblin.
The hobgoblin is almost dead.
The hobgoblin closely misses you.
You hit the hobgoblin.
You kill the hobgoblin!
Lugonu accepts your kill.
You closely miss the goblin. The goblin barely misses you.
You hit the goblin.
You kill the goblin!
Lugonu accepts your kill.
You barely miss the goblin.
The goblin hits you with a +2 dagger of draining.
* * * LOW HITPOINT WARNING * * *
You feel drained.
* * * LOW HITPOINT WARNING * * *
The goblin barely misses you.
You barely miss the goblin. The goblin closely misses you.
You hit the goblin but do no damage.
The goblin hits you with a +2 dagger of draining.
* * * LOW HITPOINT WARNING * * *
You feel drained.
You die...

#....## ###
#.....
...#....######
##.#.#........
...........####
####...........
#......).......{
####.########..
#@gr..>........
#####..........
#....>.....
##........# #
#........# ##
#........###.
#........##..
##......###..
#......###..


You could see a quokka and a goblin.

Vanquished Creatures
  A hobgoblin (D:1)
  A goblin (D:1)
2 creatures vanquished.

Notes
Turn   | Place    | Note
-------+----------+-------------------------------------------
     0 | Abyss:1  | Antichthon the Formicid Abyssal Knight began the quest for
                  | the Orb.
     0 | Abyss:1  | Reached XP level 1. HP: 18/18 MP: 2/2
     0 | D:1      | Escaped the Abyss
   110 | D:1      | Slain by a goblin

Illustrated notes

Levels and vault maps discovered:
D:1:      dpeg_arrival_snail, layout_basic, serial_co_window_serial,
          co_window_corner_a, co_window_corner_a, co_window_corner_a,
          co_window_of_opportunity_a, co_window_corner_a, co_window_corner_a,
          co_window_corner_a, co_window_of_opportunity_a, co_window_cross_1,
          co_window_cross_4, co_window_paths_c, co_window_2corner,
          co_window_paths_c, glass_columns_b, glass_columns_c, glass_columns_c,
          glass_columns_a, serial_shops, shop, feat_on_display

Action                   || total
-------------------------++-------
Melee: Falchion          ||    12
Invok: Depart the Abyss  ||     1
Dodge: Dodged            ||    10

Table legend: (Time is in decaauts)
 A = Elapsed time spent in this place.
 B = Non-inter-level travel time spent in this place.
 C = Inter-level travel time spent in this place.
 D = Time resting spent in this place.
 E = Time spent auto-exploring this place.
 F = Levels seen in this place.
 G = Mean time per level.
                   A        B        C        D        E       F      G
               +--------+--------+--------+--------+--------+-----+--------+
         Total |    112 |    112 |      0 |      0 |     82 |   2 |   56.0 |
       Dungeon |    112 |    112 |      0 |      0 |     82 |   1 |  112.0 |
         Abyss |      0 |      0 |      0 |      0 |      0 |   1 |    0.0 |
               +--------+--------+--------+--------+--------+-----+--------+

Top non-repeatable levels by time:
     D:1: 112 daAuts
